 Dungeon Crawl Stone Soup version 0.30-a0-939-gc8157cb160 (webtiles) character file.

Game seed: 9528180572643637604

4 porpoise the Slasher (level 1, 0/15 HPs)
             Began as a Demonspawn Wanderer on Mar 25, 2023.
             Slain by a quokka (3 damage)
             ... on level 1 of the Dungeon.
             The game lasted 00:00:55 (147 turns).

porpoise the Slasher (Demonspawn Wanderer)           Turns: 147, Time: 00:00:55

Health: 0/15       AC:  2    Str: 10    XL:     1   Next: 50%
Magic:  3/3        EV: 11    Int: 10    God:
Gold:   30         SH:  0    Dex: 17    Spells: 3/4 levels left

rFire   . . .      SeeInvis .    a - +2 falchion
rCold   . . .      Faith    .    (no shield)
rNeg    . . .      Spirit   .    e - +0 robe
rPois   .          Reflect  .    (no helmet)
rElec   .          Rampage  .    (no cloak)
rCorr   .                        (no gloves)
Will    .....                    (no boots)
Stlth   ++                       (no amulet)
HPRegen 0.22/turn                (no ring)
MPRegen 0.08/turn                (no ring)

@: no status effects
A: no striking features
a: no special abilities


You were on level 1 of the Dungeon.
You visited 1 branch of the dungeon, and saw 1 of its levels.

You collected 30 gold pieces.

Inventory:

Hand Weapons
 a - a +2 falchion (weapon)
 c - a +0 dagger
Missiles
 b - 8 poisoned darts (quivered)
Armour
 e - a +0 robe (worn)
Scrolls
 d - a scroll of teleportation


   Skills:
 + Level 1.3 Fighting
 + Level 2.8 Long Blades
 - Level 1.7 Throwing
 - Level 2.0 Spellcasting
 - Level 1.7 Fire Magic


You had 3 spell levels left.
You knew the following spells:

 Your Spells              Type           Power      Damage    Failure   Level
a - Foxfire               Conj/Fire      8%         2x1d4     22%         1

Your spell library contained the following spells:

 Spells                   Type           Power      Damage    Failure   Level
 Ignite Poison            Fire/Tmut/Pois 2%         N/A       58%         3


Dungeon Overview and Level Annotations

Branches:
Dungeon (1/15)

Altars:

Annotations:
D:1 1 transporter


Message History

You start resting.
Magic restored.
You start resting.
HP restored.
Things that are here:
a +0 short sword; 3 stones
Things that are here:
a +0 whip; 2 stones; a kobold corpse
Things that are here:
a +0 short sword; 3 stones You now have 30 gold pieces (gained 5).
A kobold comes into view. It is wielding a +0 short sword.
A rat and a quokka come into view.
The kobold shouts!
You barely miss the kobold.
The kobold hits you with a +0 short sword.
You slash the kobold!
You kill the kobold!
A kobold comes into view. It is wielding a +0 dagger.
A rat comes into view.
The quokka bites you. The quokka completely misses you.
The quokka attacks as you move away! The quokka bites you.
You barely miss the quokka.
The quokka bites you but does no damage.
You barely miss the quokka.
The quokka bites you but does no damage.
You miss the quokka. The quokka closely misses you.
The quokka barely misses you.
You closely miss the quokka. The quokka bites you.
You barely miss the quokka. The quokka barely misses you. The quokka bites you.
You barely miss the quokka. The quokka bites you.
You hit the quokka. You punch the quokka.
The quokka is moderately wounded.
The quokka bites you.
* * * LOW HITPOINT WARNING * * *
You barely miss the quokka.
The quokka is moderately wounded.
The quokka barely misses you. The quokka bites you.
You die...

)...########.##K#...#.
#.................#..#
##...###.#.#.##.#....#
#.#.#.#.###...#.#..#.##
.##....#
##.....)#....## #
###.#.##.###..........
#.###.#.# #..r.....##
#.# #..###.#r#.#.## ##
#.#...##@### #
#.#####...# #. ...#...
## ###. .##.. ## #. ...
.. .. .. . ##.


You could see a quokka and a rat.

Vanquished Creatures
  An endoplasm (D:1)
  3 kobolds (D:1)
4 creatures vanquished.

Notes
Turn   | Place    | Note
-------+----------+-------------------------------------------
     0 | D:1      | porpoise the Demonspawn Wanderer began the quest for the
                  | Orb.
     0 | D:1      | porpoise set off with the following items: a +2 falchion, 8
                  | poisoned darts, a +0 dagger, a scroll of teleportation, a
                  | +0 robe; and the following spell memorised: Foxfire; and
                  | the following spells available to memorise: Ignite Poison.
     0 | D:1      | Reached XP level 1. HP: 15/15 MP: 3/3
   147 | D:1      | Slain by a quokka

Illustrated notes

Levels and vault maps discovered:
D:1:      spicycebolla_arrival_risky_transporter, layout_loops_ring,
          ebering_ecumenical_altar_sacrificial, minmay_tetromino_i4

Action                     || total
---------------------------++-------
  Melee: Falchion          ||    16
         Punch             ||     1
   Stab: Sleeping          ||     1
 Armour: Robe              ||     3
  Dodge: Dodged            ||     6

Table legend: (Time is in decaauts)
 A = Elapsed time spent in this place.
 B = Non-inter-level travel time spent in this place.
 C = Inter-level travel time spent in this place.
 D = Time resting spent in this place.
 E = Time spent auto-exploring this place.
 F = Levels seen in this place.
 G = Mean time per level.
                   A        B        C        D        E       F      G
               +--------+--------+--------+--------+--------+-----+--------+
         Total |    149 |    149 |      0 |     35 |     74 |   1 |  149.0 |
       Dungeon |    149 |    149 |      0 |     35 |     74 |   1 |  149.0 |
               +--------+--------+--------+--------+--------+-----+--------+

Top non-repeatable levels by time:
     D:1: 149 daAuts
